 Dungeon Crawl Stone Soup version 0.29-a0-270-g1586fc07ea (webtiles) character file.

Game seed: 2067008225224350511

2401 tilp the Chiller (level 9, 39/39 HPs)
             Began as a Felid Ice Elementalist on Mar 7, 2022.
             Quit the game on level 9 of the Dungeon.
             The game lasted 00:20:21 (14015 turns).

tilp the Chiller (Felid Ice Elementalist)          Turns: 14015, Time: 00:20:22

Health: 39/39      AC:  2    Str:  4    XL:     9   Next: 23%
Magic:  19/19      EV: 18    Int: 21    God:
Gold:   427        SH:  5    Dex: 17    Spells: 7/20 levels left
                                        Lives:  1   Deaths: 1

rFire   . . .      SeeInvis +     - Unarmed
rCold   + . .      Faith    .   (shield unavailable)
rNeg    . . .      Spirit   .   (body armour unavailable)
rPois   .          Reflect  +   (helmet unavailable)
rElec   .          Harm     .   (cloak unavailable)
rCorr   .          Rampage  .   (gloves unavailable)
Will    +....                   (boots unavailable)
Stlth   +++.......              d - amulet of reflection
HPRegen 0.13/turn               i - ring of protection from cold
MPRegen 0.16/turn               a - ring of wizardry

@: quick
A: very small, claws 1, fangs 3, see invisible, speed 1, shaggy fur 2, stealthy
paws, no weapons or thrown items, no armour, multi-lived
a: no special abilities


You were on level 9 of the Dungeon.
You visited 2 branches of the dungeon, and saw 10 of its levels.

You collected 427 gold pieces.

Inventory:

Jewellery
 a - a ring of wizardry (right paw)
 d - an amulet of reflection (around neck)
 i - a ring of protection from cold (left paw)
Wands
 j - a wand of polymorph (8)
 k - a wand of iceblast (3)
Scrolls
 e - a scroll of teleportation
 l - a scroll of blinking
Potions
 b - 4 potions of curing
 c - 2 potions of mutation
 f - a potion of berserk rage
 g - a potion of haste
 h - 2 potions of invisibility
 o - a potion of attraction
 p - a potion of resistance


   Skills:
 - Level 4.0 Fighting
 - Level 4.0 Dodging
 - Level 6.0 Stealth
 - Level 4.0 Unarmed Combat
 + Level 6.2 Spellcasting
 * Level 7.2 Conjurations
 - Level 4.0 Hexes
 + Level 7.9 Ice Magic


You had 7 spell levels left.
You knew the following spells:

 Your Spells              Type           Power      Damage    Failure   Level
a - Freeze                Ice            100%       1d11      1%          1
b - Frozen Ramparts       Ice            78%        1d9       1%          3
c - Ozocubu's Armour      Ice            39%        N/A       1%          3
d - Hailstorm             Conj/Ice       38%        3d9       1%          4
e - Ensorcelled Hibernat  Hex/Ice        62%        N/A       1%          2

Your spell library contained the following spells:

 Spells                   Type           Power      Damage    Failure   Level
 Dazzling Flash           Conj/Hex       60%        N/A       1%          3
 Animate Skeleton         Necr           12%        N/A       4%          1
 Pain                     Necr           24%        1d5       4%          1
 Corpse Rot               Necr/Air       12%        N/A       6%          2
 Passwall                 Tmut/Erth      5%         N/A       6%          2
 Poisonous Vapours        Pois/Air       12%        N/A       6%          2
 Ice Form                 Ice/Tmut       23%        N/A       8%          4
 Summon Ice Beast         Ice/Summ       23%        N/A       8%          4
 Spider Form              Tmut/Pois      6%         N/A       12%         3
 Swiftness                Air            6%         N/A       12%         3
 Vampiric Draining        Necr           6%         2d6       12%         3
 Anguish                  Hex/Necr       7%         N/A       16%         4
 Silence                  Hex/Air        7%         N/A       41%         5
 Agony                    Necr           6%         N/A       69%         5


Dungeon Overview and Level Annotations

Branches:
Dungeon (9/15)             Temple (1/1) D:7
   Lair: D:8-11         Orc: D:9-12

Altars:
Ashenzari
Cheibriados
Dithmenos
Elyvilon
Fedhas
Gozag
Hepliaklqana
Kikubaaqudgha
Makhleb
Nemelex Xobeh
Okawaru
Qazlal
Ru
Trog
Uskayaw
Vehumet
Wu Jian
Xom
Yredelemnul
Zin
The Shining One
Beogh

Shops:
D:1 ((   D:5 [

Annotations:
D:4 2 transporters, exclusion: ice beast, heinrich's ghost, weakling GnDe
D:7 dig vault


Innate Abilities, Weirdness & Mutations

You have sharp claws.
You have razor-sharp teeth.
You have supernaturally acute eyesight. (SInv)
You cover ground quickly. (Speed+)
You are covered in thick fur. (AC +2)
Your paws help you pounce on unaware monsters.
You are incapable of wielding weapons or throwing items.
You cannot wear armour.
You gain extra lives every three experience levels.


Message History

The hornet zombie attacks as you move away!
You block the hornet zombie's attack.
Your surroundings suddenly seem different.
A hornet zombie and 2 wights come into view.
You block the wight's attack.
You closely miss the wight. You bite the wight, but do no damage.
The wight closely misses you. The wight attacks as you move away!
The wight misses you.
The wight closely misses you. 3 kobolds come into view.
A kobold is quivering boomerangs of dispersal.
A kobold is quivering boomerangs of dispersal.
A kobold is quivering boomerangs of dispersal.
Found a stone staircase leading down.
There is a stone staircase leading down here.
You climb downwards.
The orc warrior shouts!
The orc shouts! x4; You hear a shout! x2
You hear an angry hiss.
You hear a bellow!
There is a stone staircase leading up here.
You hear a shout!
You open the door. 4 yaks come into view.
Found an escape hatch in the ceiling. 2 yaks come into view.
The yak bellows! x4
The yak gores you!
* * * LOW HITPOINT WARNING * * *
The yak bellows!
There is an open door, spattered with blood here.
The yak attacks as you move away! The yak gores you!
* * * LOW HITPOINT WARNING * * *
The orc closely misses you. The wraith hits you.
You die...
You are now level 9!
You rejoin the land of the living...
Found a scroll of amnesia.
Unknown command.
Unknown command.
Unknown command.
Are you sure you want to abandon this character and quit the game? (Confirm with "yes".)
Okay, then.
Are you sure you want to abandon this character and quit the game? (Confirm with "yes".)

#####+#
#....@#
#.....#
#.....#
#....?#
#.....#
##....#
.....#
......#


There were no monsters in sight!

Vanquished Creatures
  A two-headed ogre (D:7)
  2 kobold demonologists (D:5)
  Prince Ribbit (D:8)
  2 humans (D:8)
  A water moccasin (D:6)
  An ice beast (D:7)
  2 sky beasts
  4 orc warriors
  An ogre (D:6)
  A centaur (D:6)
  A phantom (D:6)
  2 kobold brigands
  2 bullfrogs
  2 necrophages
  4 scorpions
  8 wights
  3 howler monkeys
  3 jellies
  A crimson imp (D:6)
  A centaur zombie (D:8)
  4 hounds
  6 orc priests
  Crazy Yiuf (D:7)
  An iguana (D:4)
  5 orc wizards
  A mummy (D:8)
  A howler monkey zombie (D:8)
  A gnoll (D:1)
  16 adders
  2 white imps
  An ufetubus (D:5)
  3 worms
  36 orcs
  7 bats
  9 endoplasms
  5 giant cockroaches
  10 goblins
  12 hobgoblins
  2 jackals (D:1)
  4 quokkas
  9 ball pythons
  4 frilled lizards
  17 kobolds
  7 rats
207 creatures vanquished.

Vanquished Creatures (others)
  7 plants
  13 withered plants
20 creatures vanquished.

Grand Total: 227 creatures vanquished

Notes
Turn   | Place    | Note
-------+----------+-------------------------------------------
     0 | D:1      | tilp the Felid Ice Elementalist began the quest for the
                  | Orb.
     0 | D:1      | Reached XP level 1. HP: 7/7 MP: 4/4
    53 | D:1      | Reached XP level 2. HP: 6/11 MP: 0/6
   762 | D:1      | Found Bompugih's Weapon Shop.
   853 | D:1      | Found Woih's Antique Weapon Shoppe.
   886 | D:1      | Found a faded altar of an unknown god.
  1309 | D:1      | Reached XP level 3. HP: 14/14 MP: 5/7
  1313 | D:1      | Learned a level 3 spell: Frozen Ramparts
  2354 | D:2      | Learned a level 3 spell: Ozocubu's Armour
  2559 | D:2      | Reached XP level 4. HP: 18/18 MP: 5/9
  2962 | D:2      | You fall into a shaft and drop 2 floors!
  2962 | D:4      | Found a transporter.
  3005 | D:4      | Reached skill level 5 in Ice Magic
  3146 | D:4      | Found a transporter.
  3178 | D:4      | Reached XP level 5. HP: 21/21 MP: 5/10
  3337 | D:4      | Noticed an ice beast
  3346 | D:4      | Found a blossoming altar of Fedhas.
  3348 | D:4      | Found an ancient bone altar of Kikubaaqudgha.
  3542 | D:4      | Gained mutation: You are covered in thick fur. (AC +2)
                  | [Felid growth]
  3542 | D:4      | Reached XP level 6. HP: 25/25 MP: 0/11
  3561 | D:4      | Reached skill level 1 in Fighting
  3561 | D:4      | Reached skill level 1 in Unarmed Combat
  3874 | D:4      | Learned a level 2 spell: Ensorcelled Hibernation
  4159 | D:4      | Noticed heinrich's ghost (weakling GnDe)
  5719 | D:3      | Found a sacrificial altar of Ru.
  5722 | D:3      | Found a snail-covered altar of Cheibriados.
  5725 | D:3      | Found a glowing golden altar of the Shining One.
  5728 | D:3      | Found a bloodstained altar of Trog.
  5919 | D:4      | Found an ornate altar of the Wu Jian Council.
  6352 | D:5      | Entered Level 5 of the Dungeon
  6355 | D:5      | Found a sparkling altar of Nemelex Xobeh.
  6486 | D:5      | Noticed a sky beast
  6495 | D:5      | Killed a sky beast
  6496 | D:5      | Reached XP level 7. HP: 28/30 MP: 3/12
  6578 | D:5      | Found a burning altar of Makhleb.
  6929 | D:5      | Found a radiant altar of Vehumet.
  7250 | D:5      | Found Bedymy Jegiw's Armour Emporium.
  7274 | D:5      | Noticed a kobold demonologist
  7275 | D:5      | Noticed a kobold demonologist
  7287 | D:5      | Noticed a neqoxec
  7290 | D:5      | Killed a kobold demonologist
  7291 | D:5      | Reached skill level 5 in Stealth
  7478 | D:5      | Noticed a sixfirhy
  7482 | D:5      | Noticed a chaos spawn
  7483 | D:5      | Killed a kobold demonologist
  7484 | D:5      | Reached XP level 8. HP: 36/36 MP: 2/14
  7489 | D:5      | Learned a level 4 spell: Hailstorm
  7689 | D:6      | Reached skill level 1 in Conjurations
  9124 | D:7      | Reached XP level 9. HP: 39/39 MP: 5/16
  9412 | D:7      | Noticed a two-headed ogre
  9439 | D:7      | Killed a two-headed ogre
  9440 | D:7      | Reached skill level 5 in Spellcasting
  9609 | D:7      | Reached skill level 5 in Conjurations
 10083 | D:7      | Found a glowing silver altar of Zin.
 10816 | D:7      | Found a staircase to the Ecumenical Temple.
 11010 | Temple   | Entered the Ecumenical Temple
 11466 | D:7      | Found a runed translucent door.
 11467 | D:7      | Noticed Crazy Yiuf
 11596 | D:7      | Killed Crazy Yiuf
 12564 | D:8      | Noticed Prince Ribbit
 12588 | D:8      | Killed Prince Ribbit
 12589 | D:8      | Reached XP level 10. HP: 40/42 MP: 14/19
 12599 | D:8      | Found an iron altar of Okawaru.
 14014 | D:9      | Slain by a wraith
 14015 | D:9      | Reached XP level 9. HP: 0/39 MP: 19/19
 14015 | D:9      | Quit the game

Illustrated notes

Levels and vault maps discovered:
D:1:      roderic_dead_forest, layout_loops_corners,
          nicolae_ecumenical_snake_handling, serial_shops,
          nicolae_shop_bloodbath_and_beyond, shop_statue
D:2:      layout_loops_ring
D:3:      layout_basic, grunt_temple_overflow_cloverleaf,
          nicolae_concentric_dashed_squares_mild, grunt_ministairs_7,
          hangedman_decor_growths, kennysheep_potato
D:4:      layout_rooms, grunt_temple_overflow_growth_and_decay,
          mainiacjoe_overflow_six_doors_small, gammafunk_ghost_mausoleum,
          grunt_ministairs_1, minmay_diced_spiral
D:5:      layout_loops_cross, general_overflow_altar, makhleb_heckhound_becter,
          nemelex_xobeh_ov_fountains_minmay, nicolae_take_the_stairs
D:6:      layout_loops_ring
D:7:      layout_loops_ring, zin_scriptorium,
          minmay_temple_entry_gardened_gates, uniq_crazy_yiuf_cottage
D:8:      layout_gridville, okawaru_humans, serial_undead, serial_undead_a,
          serial_undead_b, serial_undead_d, serial_undead_b, serial_undead_a,
          serial_undead_c, serial_undead_b, serial_undead_f, serial_undead_e,
          serial_undead_f, gammafunk_ghost_necromancy, special_room
          [special_room_orc], minmay_unpleasant_kobolds, uniq_prince_ribbit1
D:9:      layout_gridville, led_sif_book, grunt_lair_entry_orc_guard_hut,
          orc_0_dummy, ebering_ghost_disaster_area, uniq_erica, uniq_pikel
Temple:   jpeg_temple_island

Skill      XL: |  1  2  3  4  5  6  7  8  9 10 |
---------------+-------------------------------+-----
Ice Magic      | 4 5 6 7 |  7.9
Spellcasting   | 3 4 5 6 |  6.2
Fighting       | 2 4 |  4.0
Dodging        | 3 4 |  4.0
Stealth        | 3 6 |  6.0
Unarmed Combat | 2 4 |  4.0
Hexes          | 3 4 |  4.0
Conjurations   | 3 6 7 |  7.2

Action                   |  1- 3 |  4- 6 |  7- 9 | 10-12 || total
-------------------------+-------+-------+-------+-------++-------
Melee: Unarmed           |    17 |    49 |    48 |    19 ||   133
       Bite              |     1 |     4 |     2 |     6 ||    13
       Punch             |       |     2 |     1 |     2 ||     5
 Cast: Freeze            |    47 |    61 |    51 |    22 ||   181
       Frozen Ramparts   |     4 |    14 |    21 |     7 ||    46
       Ozocubu's Armour  |       |     5 |    20 |     7 ||    32
       Ensorcelled Hiber |       |     2 |       |       ||     2
       Hailstorm         |       |       |    40 |     9 ||    49
Evoke: Wand              |       |       |     1 |       ||     1
  Use: Potion            |     1 |     3 |       |       ||     4
       Scroll            |     5 |     3 |     8 |     2 ||    18
 Stab: Sleeping          |    10 |    13 |    14 |     1 ||    38
Armor: Skin              |     1 |    13 |     9 |    14 ||    37
Dodge: Dodged            |    31 |    42 |    82 |    64 ||   219
Block: Other             |     6 |    12 |    18 |    22 ||    58
       Reflection        |       |       |     2 |       ||     2

Table legend: (Time is in decaauts)
 A = Elapsed time spent in this place.
 B = Non-inter-level travel time spent in this place.
 C = Inter-level travel time spent in this place.
 D = Time resting spent in this place.
 E = Time spent auto-exploring this place.
 F = Levels seen in this place.
 G = Mean time per level.
                   A        B        C        D        E       F      G
               +--------+--------+--------+--------+--------+-----+--------+
         Total |  12793 |  12078 |    715 |   4267 |   5830 |  10 | 1279.3 |
       Dungeon |  12520 |  11828 |    692 |   4267 |   5585 |   9 | 1391.1 |
        Temple |    272 |    249 |     23 |      0 |    244 |   1 |  272.0 |
               +--------+--------+--------+--------+--------+-----+--------+

Top non-repeatable levels by time:
     D:7: 2424 daAuts
     D:1: 1967 daAuts
     D:5: 1650 daAuts
     D:6: 1462 daAuts
     D:4: 1418 daAuts
     D:2: 1287 daAuts
     D:8: 1238 daAuts
     D:3: 1067 daAuts
  Temple: 272 daAuts
     D:9: 4 daAuts
